 Dungeon Crawl Stone Soup version 0.22.1-1-ga44c0e5 (webtiles) character file.

2090 ringo67 the Insei (level 9, -1/63 HPs)
             Began as an Octopode Transmuter on Sept 29, 2018.
             Was an Initiate of Fedhas.
             Slain by an ogre
             ... wielding a +0 giant club
              (23 damage)
             ... on level 7 of the Dungeon.
             The game lasted 00:28:09 (9656 turns).

ringo67 the Insei (Octopode Transmuter)             Turns: 9656, Time: 00:28:09

Health: -1/63      AC:  2    Str: 12    XL:     9   Next: 27%
Magic:  12/12      EV: 14    Int: 16    God:    Fedhas [......]
Gold:   354        SH:  0    Dex: 12    Spells: 9/12 levels left

rFire    . . .     SeeInvis .     - Unarmed
rCold    . . .     Gourm    .   (no shield)
rNeg     . . .     Faith    .   o - +1 hat
rPois    +         Spirit   .   (no amulet)
rElec    .         Reflect  .   j - ring of poison resistance
rCorr    .         Harm     .   u - ring of flight
MR       .....                  (no ring)
Stlth    ++........             (no ring)
HPRegen  0.20/turn              (no ring)
MPRegen  0.13/turn              (no ring)
                                (no ring)
                                (no ring)

@: appendage (expiring)
A: almost no armour, stealthy swim, amphibious, 8 rings, constrict 8, tentacle
spike 3, camouflage 1, gelatinous body 1
a: End Transformation, Fungal Bloom, Renounce Religion, Evoke Flight


You were on level 7 of the Dungeon.
You worshipped Fedhas.
Fedhas was noncommittal.
You were very hungry.
One of your tentacles had a temporary spike.
You visited 1 branch of the dungeon, and saw 7 of its levels.
You also visited: Sewer.

You collected 354 gold pieces.

Inventory:

Hand Weapons
 w - the +6 trident of Dawn {pierce, rPois Int+4 Dex+4, unknown}
   (You found it on level 6 of the Dungeon)

   It inflicts extra damage upon your enemies.
   It affects your intelligence (+4).
   It affects your dexterity (+4).
   It protects you from poison.
Missiles
 a - 16 arrows
Armour
 o - a +1 hat (worn)
Jewellery
 j - a ring of poison resistance (left tentacle)
 u - a ring of flight (right tentacle)
Wands
 p - a wand of random effects (26)
 t - a wand of digging (12)
 z - a wand of flame (35)
Scrolls
 d - 3 scrolls of identify
 e - a scroll of fog {unknown}
 g - 6 scrolls of remove curse {unknown}
 k - a scroll of teleportation {unknown}
 l - a scroll of fear {unknown}
 v - a scroll of immolation {unknown}
 x - 2 scrolls of amnesia {unknown}
 y - a scroll of enchant weapon {unknown}
Potions
 b - a potion of lignification {unknown}
 f - 6 potions of curing
 h - 3 potions of heal wounds {unknown}
 i - 5 potions of flight {unknown}
 m - a potion of mutation {unknown}
 n - a potion of ambrosia {unknown}
 q - 2 potions of degeneration {unknown}
 r - 3 potions of agility
 s - 2 potions of might {unknown}
Comestibles
 c - 15 rations


   Skills:
 + Level 6.5 Fighting
 - Level 4.0 Dodging
 + Level 7.7 Unarmed Combat
 - Level 2.0 Spellcasting
 + Level 6.3 Transmutations


You had 9 spell levels left.
You knew the following spells:

 Your Spells              Type           Power        Failure   Level  Hunger
a - Beastly Appendage     Tmut           ###...       1%          1    #......
b - Sticks to Snakes      Tmut           ###.....     2%          2    ###....

Your spell library contained the following spells:

 Spells                   Type           Power        Failure   Level  Hunger
 Passwall                 Tmut/Erth      ##......     9%          2    ###....
 Spider Form              Tmut/Pois      ##........   17%         3    ###....
 Magic Dart               Conj           #...         21%         1    #......
 Sandblast                Erth           #.....       21%         1    #......
 Blink                    Tloc           N/A          30%         2    ###....
 Call Imp                 Summ           #.......     30%         2    ###....
 Slow                     Hex            #.......     30%         2    ###....
 Blade Hands              Tmut           ###.......   38%         5    ######.
 Ice Form                 Ice/Tmut       ##......     50%         4    #####..
 Petrify                  Tmut/Erth      ##......     50%         4    #####..
 Conjure Flame            Conj/Fire      #.......     52%         3    ###....
 Mephitic Cloud           Conj/Pois/Air  #.......     52%         3    ###....
 Stone Arrow              Conj/Erth      #.....       52%         3    ###....
 Lee's Rapid Deconstruct  Erth           #.........   99%         5    ######.


Dungeon Overview and Level Annotations

Branches:
Dungeon (7/15)             Temple (0/1) D:4

Altars:
Ashenzari
Cheibriados
Fedhas
Gozag
Nemelex Xobeh
Okawaru
Xom
Yredelemnul

Shops:
D:4 [   D:5 *?


Innate Abilities, Weirdness & Mutations

You cannot wear most types of armour.
You are very stealthy in the water. (Stealth+)
You are amphibious.
You can wear up to eight rings at the same time.
You can use your tentacles to constrict eight enemies at once.
Your skin changes colour to match your surroundings (Stealth+).
Your rubbery body absorbs attacks. (AC +1, EV +1)
One of your tentacles bears a large vicious spike.


Message History

The ogre closely misses you.
You closely miss the ogre.
The ogre is lightly wounded.
You barely miss the ogre.
You pierce the ogre.
The ogre is moderately wounded.
The ogre closely misses you.
You tentacle-slap the ogre. You squeeze the ogre!
The ogre is severely wounded.
The ogre hits you with a giant club!!
You tentacle-slap the ogre.
You pierce the ogre.
The ogre is severely wounded.
Your transformation is almost over.
You barely miss the ogre.
The ogre is severely wounded.
The ogre misses you.
You barely miss the ogre.
The ogre is severely wounded.
The ogre hits you with a giant club!!
You die...
Fedhas appreciates your contribution to the ecosystem.

#....# #.......... #....#
#........(.
##...##########..##..
#+####'###..###.##'#####
.............#.......#...
.............#...........
####..##.###.###.##......
### #.###.############
#@.+.[..# +O.#....#
#......## #.###### ....
..?...# $.......#
........# ........#


You could see an ogre.

Vanquished Creatures
  A centaur zombie (D:7)
  Edmund (D:5)
  A sky beast (D:7)
  2 centaurs
  2 ogres
  A big kobold (Sewer)
  3 scorpions
  A water moccasin skeleton (D:5)
  A howler monkey (D:7)
  A crimson imp (D:6)
  2 hounds (D:6)
  A bullfrog skeleton (D:5)
  2 orc priests (D:3)
  3 orc wizards
  Natasha (thrice) (D:4)
  2 worker ants (D:7)
  A hound skeleton (D:5)
  2 gnolls (D:3)
  A worker ant zombie (D:6)
  10 adders
  A river rat (Sewer)
  An ooze (D:1)
  4 worms
  An adder skeleton (D:5)
  2 adder zombies (D:6)
  3 dart slugs
  A leopard gecko (D:4)
  16 orcs
  8 bats
  9 giant cockroaches
  8 goblins
  8 hobgoblins
  12 jackals
  3 quokkas
  7 frilled lizards
  12 kobolds
  12 rats
149 creatures vanquished.

Vanquished Creatures (collateral kills)
  Grinder (D:6)
  Eustachio (D:6)
  An ogre (D:5)
  A scorpion (D:5)
  A centaur skeleton (D:5)
  A gnoll (D:3)
6 creatures vanquished.

Vanquished Creatures (others)
  9 toadstools
9 creatures vanquished.

Grand Total: 164 creatures vanquished

Notes
Turn   | Place    | Note
-------+----------+-------------------------------------------
     0 | D:1      | ringo67 the Octopode Transmuter began the quest for the
                  | Orb.
     0 | D:1      | Reached XP level 1. HP: 13/13 MP: 3/3
   171 | D:1      | Reached XP level 2. HP: 17/18 MP: 3/5
   392 | D:1      | Reached XP level 3. HP: 23/23 MP: 6/6
  1014 | D:1      | Found a white marble altar of Elyvilon.
  1016 | D:1      | Found a shadowy altar of Dithmenos.
  1016 | D:1      | Found a radiant altar of Vehumet.
  1018 | D:1      | Found a snail-covered altar of Cheibriados.
  1018 | D:1      | Found a blossoming altar of Fedhas.
  1018 | D:1      | Found a shimmering altar of Xom.
  1142 | D:2      | Learned a level 2 spell: Sticks to Snakes
  1158 | D:2      | Found a snail-covered altar of Cheibriados.
  1707 | D:2      | Reached XP level 4. HP: 26/28 MP: 7/7
  1715 | D:2      | Reached skill level 4 in Unarmed Combat
  2445 | D:3      | Reached XP level 5. HP: 21/34 MP: 8/8
  3232 | D:3      | Reached XP level 6. HP: 21/41 MP: 6/9
  4740 | D:4      | Noticed Grinder
  4744 | D:4      | Paralysed by Grinder for 5 turns
  4824 | D:4      | Reached skill level 5 in Unarmed Combat
  5075 | D:4      | Reached XP level 7. HP: 38/46 MP: 8/10
  5116 | D:4      | Found an iron altar of Okawaru.
  5119 | D:4      | Found a shattered altar of Ashenzari.
  5120 | D:4      | Found a blossoming altar of Fedhas.
  5156 | D:4      | Found a staircase to the Ecumenical Temple.
  5222 | D:4      | Became a worshipper of Fedhas Madash
  5242 | D:4      | Noticed Natasha
  5248 | D:4      | Killed Natasha
  5293 | D:4      | Found a glowing drain.
  5297 | Sewer    | Entered a sewer
  5554 | Sewer    | Found a white marble altar of Elyvilon.
  5925 | D:4      | Found Lunnoto's Armour Boutique.
  5957 | D:4      | Noticed Natasha
  5963 | D:4      | Killed Natasha
  5993 | D:4      | Noticed Natasha
  5998 | D:4      | Killed Natasha
  6107 | D:5      | Entered Level 5 of the Dungeon
  6490 | D:5      | Reached skill level 6 in Unarmed Combat
  6490 | D:5      | Reached XP level 8. HP: 47/54 MP: 7/11
  6548 | D:5      | Found Aresayl's Magic Scroll Shoppe.
  7066 | D:5      | Found Juhilurr's Assorted Antiques.
  7093 | D:5      | Noticed Edmund
  7105 | D:5      | Killed Edmund
  7105 | D:5      | Reached skill level 5 in Fighting
  7918 | D:5      | Reached skill level 5 in Transmutations
  8150 | D:6      | Noticed Eustachio
  8171 | D:6      | Killed Eustachio
  8299 | D:6      | Noticed a vampire
  8466 | D:6      | Killed Grinder
  8466 | D:6      | Reached skill level 7 in Unarmed Combat
  8612 | D:6      | Got a bloodstained trident
  8778 | D:6      | Found a basalt altar of Yredelemnul.
  8781 | D:6      | Found a sparkling altar of Nemelex Xobeh.
  8909 | D:7      | Reached XP level 9. HP: 20/63 MP: 12/12
  9479 | D:7      | Found an opulent altar of Gozag.
  9656 | D:7      | Slain by an ogre

Skill      XL: |  1  2  3  4  5  6  7  8 |
---------------+-------------------------+-----
Transmutations | 3 4 6 |  6.3
Unarmed Combat | 4 5 6 7 |  7.7
Fighting       | 2 3 4 6 |  6.5
Dodging        | 3 4 |  4.0
Spellcasting   | |  2.0

Action                   |  1- 3 |  4- 6 |  7- 9 || total
-------------------------+-------+-------+-------++-------
Melee: Unarmed           |    67 |   149 |   201 ||   417
       Constrict         |    21 |    38 |    38 ||    97
       Kick              |    12 |    27 |    24 ||    63
       Tentacles         |    10 |    24 |    48 ||    82
       Punch             |       |     3 |    10 ||    13
 Cast: Beastly Appendage |    10 |    17 |    18 ||    45
       Sticks to Snakes  |     1 |     5 |    19 ||    25
Invok: Fungal Bloom      |       |       |     7 ||     7
  Use: Scroll            |       |       |     1 ||     1
 Stab: Sleeping          |     6 |     7 |     5 ||    18
       Distracted        |       |       |     1 ||     1
  Eat: Chunk             |     3 |    11 |    11 ||    25
       Ration            |       |       |     1 ||     1
Armor: Skin              |     5 |     5 |     8 ||    18
Dodge: Dodged            |    27 |    75 |   106 ||   208
